 Dungeon Crawl Stone Soup version 0.28.0 (webtiles) character file.

Game seed: 500315718175505539

53 crazypyro the Skirmisher (level 3, -6/40 HPs)
             Began as an Ogre Monk on Feb 4, 2022.
             Was a Believer of Kikubaaqudgha.
             Mangled by a worm (9 damage)
             ... on level 2 of the Dungeon.
             The game lasted 00:01:13 (956 turns).

crazypyro the Skirmisher (Ogre Monk)                 Turns: 956, Time: 00:01:14

Health: -6/40      AC:  3    Str: 17    XL:     3   Next: 89%
Magic:  3/3        EV: 10    Int: 11    God:    Kikubaaqudgha [**....]
Gold:   26         SH:  0    Dex: 11    Spells: 2/2 levels left

rFire   . . .      SeeInvis .   a - +0 mace
rCold   . . .      Faith    .   (no shield)
rNeg    . . .      Spirit   .   b - +0 robe
rPois   .          Reflect  .   (helmet restricted)
rElec   .          Harm     .   (no cloak)
rCorr   .          Rampage  .   (gloves unavailable)
Will    .....                   (boots unavailable)
Stlth   ++........              (no amulet)
HPRegen 0.13/turn               (no ring)
MPRegen 0.08/turn               (no ring)

@: no status effects
A: large, unfitting armour, tough skin 1
a: Renounce Religion, Receive Corpses


You were on level 2 of the Dungeon.
You worshipped Kikubaaqudgha.
Kikubaaqudgha was pleased with you.
You visited 1 branch of the dungeon, and saw 2 of its levels.

You collected 26 gold pieces.

Inventory:

Hand Weapons
 a - a +0 mace (weapon)
Armour
 b - a +0 robe (worn)
Potions
 c - 3 potions of invisibility {unknown}
 d - a potion of curing {unknown}


   Skills:
 + Level 4.5 Fighting
 * Level 3.3 Maces & Flails
 + Level 3.1 Dodging
 - Level 1.6 Stealth
 + Level 0.4 Spellcasting
 + Level 0.4 Necromancy


You had 2 spell levels left.
You didn't know any spells.
Your spell library contained the following spells:

 Spells                   Type           Power      Damage    Failure   Level
 Animate Skeleton         Necr           2%         N/A       28%         1
 Pain                     Necr           4%         1d4       28%         1
 Sublimation of Blood     Necr           1%         N/A       38%         2
 Vampiric Draining        Necr           1%         2d6       63%         3


Dungeon Overview and Level Annotations

Branches:
Dungeon (2/15)

Altars:
Kikubaaqudgha


Innate Abilities, Weirdness & Mutations

You are too large for most types of armour.
You have tough skin. (AC +1)


Message History

You hit the iguana but do no damage.
The iguana is heavily wounded.
The goblin barely misses you. The iguana bites you.
You hit the iguana.
The iguana is almost dead.
The goblin barely misses you.
The iguana bites you but does no damage.
You barely miss the iguana.
The iguana is almost dead.
The goblin hits you with a +0 dagger. The rat bites you but does no damage.
The iguana bites you!
You barely miss the iguana.
The iguana is almost dead.
The goblin barely misses you. The rat closely misses you.
The iguana barely misses you. The goblin hits you with a +0 dagger.
* * * LOW HITPOINT WARNING * * *
You hit the iguana. You punch the iguana.
You kill the iguana!
Kikubaaqudgha accepts your kill. The rat bites you.
* * * LOW HITPOINT WARNING * * *
The goblin hits you with a +0 dagger.
* * * LOW HITPOINT WARNING * * *
The rat barely misses you.
You hit the worm but do no damage. The goblin closely misses you.
The rat bites you.
* * * LOW HITPOINT WARNING * * *
You hit the worm but do no damage. The goblin hits you with a +0 dagger.
* * * LOW HITPOINT WARNING * * *
The rat barely misses you. The worm bites you.
* * * LOW HITPOINT WARNING * * *
You barely miss the worm. The goblin barely misses you.
The rat bites you but does no damage. The worm barely misses you.
The goblin misses you.
You hit the worm.
The worm is lightly wounded.
The rat bites you but does no damage. The goblin hits you but does no damage.
The rat closely misses you. The worm bites you!
You die...
Kikubaaqudgha rasps: "You have failed me!
Welcome... death!"

...+.. ..#.#
....# # ....
. #. #..# ..
#..#..# ...
#...gr#
....#. #@#
......###w#
..........#
......$...#
..........#
....r.....#
+#..........
+<......####
#.......#


You could see a worm, a goblin and a rat.

Vanquished Creatures
  An iguana (D:2)
  A dart slug (D:1)
  3 bats (D:1)
  4 endoplasms (D:1)
  3 goblins (D:1)
  2 jackals (D:1)
  A quokka (D:1)
  3 ball pythons (D:1)
  A frilled lizard (D:1)
  A kobold (D:1)
  3 rats (D:1)
23 creatures vanquished.

Notes
Turn   | Place    | Note
-------+----------+-------------------------------------------
     0 | D:1      | crazypyro the Ogre Monk began the quest for the Orb.
     0 | D:1      | Reached XP level 1. HP: 24/24 MP: 1/1
    73 | D:1      | Reached XP level 2. HP: 10/32 MP: 2/2
   661 | D:1      | Found a faded altar of an unknown god.
   677 | D:1      | Prayed at the altar of an unknown god.
   677 | D:1      | Became a worshipper of Kikubaaqudgha
   677 | D:1      | Reached * piety under Kikubaaqudgha
   677 | D:1      | Received a gift from Kikubaaqudgha
   677 | D:1      | Reached ** piety under Kikubaaqudgha
   742 | D:1      | Reached XP level 3. HP: 37/40 MP: 3/3
   936 | D:1      | You fall into a shaft and drop 1 floor!
   956 | D:2      | Mangled by a worm

Illustrated notes

Levels and vault maps discovered:
D:1:      dpeg_arrival_court, layout_basic,
          hellmonk_ecumenical_altar_inner_sanctum
D:2:      layout_basic, basic_altar

Skill      XL: |  1  2 |
---------------+-------+-----
Maces & Flails | 3 |  3.3
Dodging        | 3 |  3.1
Fighting       | |  4.5
Stealth        | |  1.6
Spellcasting   | |  0.4
Necromancy     | |  0.4

Action                   || total
-------------------------++-------
Melee: Mace              ||    65
       Punch             ||     2
 Stab: Sleeping          ||     2
Armor: Robe              ||    26
Dodge: Dodged            ||    49
